 Dungeon Sprint DCSS version 0.23.2-11-gf996548c65 (webtiles) character file.

Game seed: 10455567174176342715

1006 2BsUSBport the Fighter (level 8, -2/92 HPs)
             Began as a Naga Fighter on June 3, 2019.
             Was the Champion of Jiyva.
             Slain by a demonic crawler (3 damage)
             ... in the Dungeon (Sprint I: "Red Sonja").
             The game lasted 00:08:06 (775 turns).

2BsUSBport the Fighter (Naga Fighter)                Turns: 775, Time: 00:08:07

Health: -2/92      AC:  7    Str: 23    XL:     8   Next: 20%
Magic:  8/8        EV:  9    Int:  9    God:    Jiyva [******]
Gold:   189        SH: 11    Dex: 16    Spells: 7/7 levels left

rFire    + . .     SeeInvis +   a - +0 trident
rCold    . . .     Gourm    .   c - +0 shield
rNeg     . . .     Faith    .   b - +0 scale mail
rPois    +         Spirit   .   (no helmet)
rElec    .         Reflect  .   (no cloak)
rCorr    +         Harm     .   (no gloves)
MR       +....     Clarity  +   (no barding) Stlth +.........NoTele +
                                (no amulet)
HPRegen  0.25/turn              (no ring)
MPRegen  0.11/turn              (no ring)

@: slimy, very slow
A: large, see invisible, agile 2, clarity, deformed body, fire resistance 1,
high mp 1, poison resistance, robust 1, slowness 2, slow metabolism 1, spit
poison 2, strong 2, eyeballs 1, jelly absorbing missiles, AC +2
a: Breathe Poison Gas, Request Jelly, Slimify, Cure Bad Mutation, Renounce
Religion


You were in the Dungeon.
You worshipped Jiyva.
Jiyva was exalted by your worship.
You were completely stuffed.

You visited 1 branch You collected 189 gold pieces.

Inventory:

Hand Weapons
 a - a +0 trident (weapon)
Armour
 b - a +0 scale mail (worn)
 c - a +0 shield (worn)
Potions
 d - a potion of flight {unknown}
 e - a potion of curing
 i - 2 potions of magic
 j - a potion of berserk rage
Comestibles
 f - a ration


   Skills:
 + Level 8.8 Fighting
 + Level 8.5 Polearms
 + Level 8.5 Armour
 + Level 3.0 Dodging
 + Level 1.4 Stealth
 + Level 7.1 Shields


You had 7 spell levels left.
You didn't know any spells.
Your spell library was empty.

Dungeon Overview and Level Annotations

Branches:
Dungeon (1/1)

Altars:
Makhleb
Xom
Jiyva
Lugonu


Innate Abilities, Weirdness & Mutations

You cannot wear boots.
Your serpentine skin is tough. (AC +2)
You have supernaturally acute eyesight. (SInv)
Armour fits poorly on your strangely shaped body.
Your system is resistant to poisons. (rPois)
You cover ground very slowly.
You have a slow metabolism.
You can exhale a cloud of poison.
You are very agile. (Dex +4)
You possess an exceptional clarity of mind.
Your flesh is heat resistant. (rF+)
You have an increased reservoir of magic. (+10% MP)
You are robust. (+10% HP)
Your muscles are very strong. (Str +4)
Your body has grown golden eyes which may confuse attackers. (Acc +3)
You have a small jelly attached to you that may absorb incoming projectiles.


Message History

* * * LOW HITPOINT WARNING * * *
The demonic crawler hits you but does no damage. x2
The demonic crawler completely misses you.
The demonic crawler hits you but does no damage.
You hit the demonic crawler.
The demonic crawler is moderately wounded.
You hear a distant slurping noise.
You feel a little less hungry.
You feel better. The demonic crawler hits you.
* * * LOW HITPOINT WARNING * * *
The demonic crawler hits you but does no damage.
The demonic crawler hits you.
* * * LOW HITPOINT WARNING * * *
The demonic crawler hits you!
* * * LOW HITPOINT WARNING * * *
The demonic crawler hits you.
* * * LOW HITPOINT WARNING * * *
You block the demonic crawler's attack. The demonic crawler hits you!
* * * LOW HITPOINT WARNING * * *
The demonic crawler hits you.
You die...

##################
.#..'..#__#..'.s@#
.'[.#..'^.'..#.ss#
'#####.#J_####..s'..#
.# #.#### #####..+ ##
# +##


You could see 4 demonic crawlers.

Vanquished Creatures
  2 kobold demonologists (D)
  A slime creature (D)
  Sigmund (D)
  An ogre (D)
  Ijyb (D)
6 creatures vanquished.

Vanquished Creatures (others)
  A hydra (D)
  2 unseen horrors (D)
  3 hornets (D)
  A yak (D)
  3 floating eyes (D)
  7 necrophages (D)
  8 jellies (D)
25 creatures vanquished.

Grand Total: 31 creatures vanquished

Notes
Turn   | Place    | Note
-------+----------+-------------------------------------------
     0 | D        | 2BsUSBport the Naga Fighter began the quest for the Orb.
     0 | D        | Reached XP level 1. HP: 21/21 MP: 1/1
     2 | D        | Noticed Ijyb
    19 | D        | Killed Ijyb
    19 | D        | Reached XP level 2. HP: 18/30 MP: 2/2
    19 | D        | Reached XP level 3. HP: 21/36 MP: 3/3
   142 | D        | Noticed an ogre
   161 | D        | Killed an ogre
   161 | D        | Reached skill level 5 in Fighting
   161 | D        | Reached skill level 5 in Armour
   161 | D        | Reached XP level 4. HP: 30/48 MP: 4/4
   288 | D        | Noticed Sigmund
   296 | D        | Killed Sigmund
   296 | D        | Reached skill level 1 in Dodging
   296 | D        | Reached skill level 5 in Shields
   296 | D        | Reached XP level 5. HP: 32/57 MP: 5/5
   296 | D        | Reached XP level 6. HP: 37/66 MP: 6/6
   463 | D        | Found a burning altar of Makhleb.
   463 | D        | Found a viscous altar of Jiyva.
   463 | D        | Found a shimmering altar of Xom.
   463 | D        | Found a corrupted altar of Lugonu.
   463 | D        | Noticed a slime creature
   492 | D        | Killed a slime creature
   492 | D        | Reached XP level 7. HP: 32/73 MP: 7/7
   619 | D        | Killed a hornet
   620 | D        | Killed a hornet
   690 | D        | Became a worshipper of Jiyva Juphem the Shapeless
   694 | D        | Reached * piety under Jiyva
   694 | D        | Reached ** piety under Jiyva
   694 | D        | Reached *** piety under Jiyva
   694 | D        | Gained mutation: You expend magic power (3 MP) to
                  | strengthen your wands. [Jiyva's grace]
   695 | D        | Reached **** piety under Jiyva
   695 | D        | Gained mutation: You are resistant to hostile enchantments.
                  | (MR+) [Jiyva's grace]
   698 | D        | Lost mutation: You expend magic power (3 MP) to strengthen
                  | your wands. [Jiyva's grace]
   698 | D        | Reached ***** piety under Jiyva
   698 | D        | Gained mutation: You are frail. (-10% HP) [Jiyva's grace]
   700 | D        | Gained mutation: You expend magic power (3 MP) to
                  | strengthen your wands. [Jiyva's grace]
   700 | D        | Reached ****** piety under Jiyva
   700 | D        | Gained mutation: You are agile. (Dex +2) [Jiyva's grace]
   700 | D        | Lost mutation: You are resistant to hostile enchantments.
                  | (MR+) [Jiyva's grace]
   701 | D        | Lost mutation: You are frail. (-10% HP) [Jiyva's grace]
   703 | D        | Gained mutation: Your muscles are strong. (Str +2) [Jiyva's
                  | grace]
   707 | D        | Noticed a kobold demonologist
   707 | D        | Killed a yak
   707 | D        | Gained mutation: You have a small jelly attached to you
                  | that may absorb incoming projectiles. [Jiyva's grace]
   708 | D        | Noticed a kobold demonologist
   708 | D        | Gained mutation: Your flesh is cold resistant. (rC+)
                  | [Jiyva's grace]
   709 | D        | Gained mutation: Your body has grown golden eyes which may
                  | confuse attackers. (Acc +3) [Jiyva's grace]
   709 | D        | Gained mutation: You are very agile. (Dex +4) [Jiyva's
                  | grace]
   710 | D        | Killed a hornet
   711 | D        | Lost mutation: You have a small jelly attached to you that
                  | may absorb incoming projectiles. [Jiyva's grace]
   712 | D        | Gained mutation: Your flesh is heat resistant. (rF+)
                  | [Jiyva's grace]
   712 | D        | Lost mutation: You expend magic power (3 MP) to strengthen
                  | your wands. [Jiyva's grace]
   712 | D        | Lost mutation: Your body has grown golden eyes which may
                  | confuse attackers. (Acc +3) [Jiyva's grace]
   712 | D        | Gained mutation: You are robust. (+10% HP) [Jiyva's grace]
   715 | D        | Noticed a sun demon
   716 | D        | Gained mutation: You possess an exceptional clarity of
                  | mind. [Jiyva's grace]
   717 | D        | Noticed a hellwing
   719 | D        | Lost mutation: Your muscles are strong. (Str +2) [Jiyva's
                  | grace]
   721 | D        | Gained mutation: You are very robust. (+20% HP) [Jiyva's
                  | grace]
   722 | D        | Killed a kobold demonologist
   725 | D        | Noticed a red devil
   732 | D        | Killed an unseen horror
   734 | D        | Gained mutation: You have a small jelly attached to you
                  | that may absorb incoming projectiles. [Jiyva's grace]
   739 | D        | Killed a kobold demonologist
   739 | D        | Reached skill level 1 in Stealth
   739 | D        | Reached XP level 8. HP: 97/100 MP: 8/8
   741 | D        | Lost mutation: Your flesh is cold resistant. (rC+) [Jiyva's
                  | grace]
   743 | D        | Gained mutation: Your muscles are strong. (Str +2) [Jiyva's
                  | grace]
   744 | D        | Gained mutation: Your muscles are very strong. (Str +4)
                  | [Jiyva's grace]
   745 | D        | Gained mutation: You can exhale a cloud of poison. [Jiyva's
                  | grace]
   748 | D        | Lost mutation: You have a small jelly attached to you that
                  | may absorb incoming projectiles. [Jiyva's grace]
   753 | D        | Gained mutation: Your body has grown golden eyes which may
                  | confuse attackers. (Acc +3) [Jiyva's grace]
   756 | D        | Noticed a demonic crawler
   756 | D        | Noticed a demonic crawler
   756 | D        | Noticed a demonic crawler
   756 | D        | Noticed a demonic crawler
   759 | D        | Gained mutation: You have a small jelly attached to you
                  | that may absorb incoming projectiles. [Jiyva's grace]
   763 | D        | Killed an unseen horror
   766 | D        | Killed a 12-headed hydra
   766 | D        | Gained mutation: You have an increased reservoir of magic.
                  | (+10% MP) [Jiyva's grace]
   769 | D        | Lost mutation: You are very robust. (+20% HP) [Jiyva's
                  | grace]
   775 | D        | HP: 1/92 [demonic crawler (9)]
   775 | D        | Slain by a demonic crawler

Skill      XL: |  1  2  3  4  5  6  7 |
---------------+----------------------+-----
Fighting       | 4 5 7 8 |  8.8
Armour         | 3 5 6 7 8 |  8.5
Shields        | 3 4 5 6 7 |  7.1
Polearms       | 3 4 6 8 |  8.5
Dodging        | 1 2 3 |  3.0
Stealth        | 1 |  1.4

Action                   |  1- 3 |  4- 6 |  7- 9 || total
-------------------------+-------+-------+-------++-------
Melee: Trident           |    23 |    28 |    47 ||    98
Invok: Request Jelly     |       |       |     1 ||     1
       Slimify           |       |       |     1 ||     1
 Abil: Spit Poison       |     2 |     1 |       ||     3
       Breathe Poison Ga |       |       |     1 ||     1
  Use: Potion            |     1 |     2 |       ||     3
       Scroll            |     1 |       |       ||     1
Armor: Scale mail        |     5 |     4 |    46 ||    55
Dodge: Dodged            |     3 |     6 |    38 ||    47
Block: Shield            |     9 |     9 |    54 ||    72
